 Dungeon Crawl Stone Soup version 0.22.0 (webtiles) character file.

49 EvilAliv3 the Charmwright (level 3, 0/29 HPs)
             Began as a Demigod Skald on Oct 27, 2018.
             Slain by an orc warrior
             ... wielding a +0 long sword
              (5 damage)
             ... on level 2 of the Dungeon.
             The game lasted 00:11:55 (1946 turns).

EvilAliv3 the Charmwright (Demigod Skald)           Turns: 1946, Time: 00:11:55

Health: 0/29       AC:  5    Str: 16    XL:     3   Next: 33%
Magic:  17/17      EV: 12    Int: 23    God:
Gold:   147        SH:  0    Dex: 15    Spells: 5/6 levels left

rFire    . . .     SeeInvis .   a - +0 hand axe
rCold    . . .     Gourm    .   (no shield)
rNeg     . . .     Faith    .   b - +0 leather armour
rPois    .         Spirit   .   g - +0 helmet (curse)
rElec    .         Reflect  .   k - scarf {cloud immunity}
rCorr    .         Harm     .   u - +0 pair of gloves
MR       .....                  (no boots)
Stlth    +.........             l - amulet of rage
HPRegen  0.09/turn              q - ring of magical power
MPRegen  0.15/turn              m - +6 ring of intelligence (curse)

@: slowed, very slow
A: high mp 1
a: Evoke Berserk Rage


You were on level 2 of the Dungeon.
You were not hungry.

You visited 1 branch of the dungeon, and saw 3 of its levels.

You collected 147 gold pieces.

Inventory:

Hand Weapons
 a - a +0 hand axe (weapon)
Missiles
 h - 19 sling bullets
Armour
 b - a +0 leather armour (worn)
 g - a cursed +0 helmet (worn)
 k - a scarf of cloud immunity (worn)
 u - a +0 pair of gloves (worn)
Jewellery
 j - an uncursed ring of flight
 l - an amulet of rage (around neck)
 m - a cursed +6 ring of intelligence (right hand)
 q - a ring of magical power (left hand)
Wands
 t - a wand of scattershot (3)
Scrolls
 e - a scroll of identify
 n - a scroll of teleportation {unknown}
 o - a scroll of enchant armour {unknown}
 r - a scroll of immolation {unknown}
Potions
 f - 3 potions of might
 i - a potion of heal wounds
 p - a potion of flight
 s - a potion of curing
Comestibles
 d - 7 rations


   Skills:
 + Level 2.2 Fighting
 * Level 2.4 Axes
 + Level 1.3 Armour
 - Level 1.7 Dodging
 + Level 2.1 Spellcasting
 + Level 3.0 Charms


You had 5 spell levels left.
You knew the following spells:

 Your Spells              Type           Power        Failure   Level  Hunger
a - Infusion              Chrm           ###.         4%          1    #......

Your spell library contained the following spells:

 Spells                   Type           Power        Failure   Level  Hunger
 Regeneration             Chrm/Necr      #.........   26%         3    ###....
 Shroud of Golubria       Chrm/Tloc      #.........   13%         2    ##.....
 Song of Slaying          Chrm           ###.....     7%          2    ##.....
 Spectral Weapon          Hex/Chrm       #.......     26%         3    ###....


Dungeon Overview and Level Annotations

Branches:
Dungeon (3/15)

Annotations:
D:3 Jessica


Innate Abilities, Weirdness & Mutations

You have an increased reservoir of magic. (+10% MP)


Message History

* * * LOW HITPOINT WARNING * * *
You climb upwards.
* * * LOW HITPOINT WARNING * * *
You feel sick.
There is a stone staircase leading down here.
You feel better. The orc wizard completely misses you.
The orc wizard hits you but does no damage.
The orc barely misses you.
The orc warrior hits you with a long sword!
* * * LOW HITPOINT WARNING * * *
The orc wizard points at you and mumbles some strange words.
You feel yourself slow down.
The orc wizard gestures wildly while chanting.
The orc wizard flickers and vanishes!
Deactivating autopickup; reactivate with Ctrl-A.
The orc barely misses you.
You hear some strange, mumbled words.
Something tries to affect you, but you resist.
The orc warrior hits you with a long sword.
You die...

######## ##......##
##........##
#..........#
#..........# ####
#.....@<...# ...#
#...{ooo...# ...#
#..........# ...#
##.>......## ...#
##..........# ...#
##...........#
...######............#
#......##.#..........#
#.........#..........#


You could see an orc warrior, an orc wizard and an orc.

Vanquished Creatures
  An ooze (D:1)
  A worm (D:2)
  7 bats
  3 giant cockroaches
  7 goblins
  3 hobgoblins
  4 jackals (D:2)
  2 frilled lizards (D:1)
  6 kobolds
  4 rats (D:1)
38 creatures vanquished.

Notes
Turn   | Place    | Note
-------+----------+-------------------------------------------
     0 | D:1      | EvilAliv3 the Demigod Skald began the quest for the Orb.
     0 | D:1      | Reached XP level 1. HP: 17/17 MP: 5/5
   111 | D:1      | Reached skill level 1 in Armour
   335 | D:1      | Reached XP level 2. HP: 24/24 MP: 7/7
   672 | D:1      | Found a shattered altar of Ashenzari.
  1044 | D:2      | Reached skill level 3 in Charms
  1267 | D:2      | Reached XP level 3. HP: 27/29 MP: 8/8
  1940 | D:3      | Noticed Jessica
  1940 | D:3      | Noticed an orc warrior
  1946 | D:2      | Slain by an orc warrior

Skill      XL: |  1  2 |
---------------+-------+-----
Armour         | 1 |  1.3
Axes           | 2 |  2.4
Fighting       | 2 |  2.2
Spellcasting   | 2 |  2.1
Charms         | 3 |  3.0
Dodging        | |  1.7

Action                   || total
-------------------------++-------
Melee: Hand axe          ||   126
 Cast: Infusion          ||     1
  Use: Scroll            ||     4
       Potion            ||     1
  Eat: Chunk             ||     3
Armor: Leather armour    ||    56
Dodge: Dodged            ||   101
